 Dungeon Crawl Stone Soup version 0.25-a0-287-g56a5b49892 (webtiles) character file.

Game seed: 9820892713993708640, levelgen mode: deterministic

0 Gargoyl the Skirmisher (level 1, -3/19 HPs)
             Began as a Centaur Abyssal Knight on Dec 12, 2019.
             Was a Follower of Lugonu.
             Slain by a tentacled starspawn (17 damage)
             ... on level 1 of the Abyss.
             The game lasted 00:00:21 (160 turns).

Gargoyl the Skirmisher (Centaur Abyssal Knight)      Turns: 160, Time: 00:00:22

Health: -3/19      AC:  5    Str: 14    XL:     1   Next: 0%
Magic:  2/2        EV:  5    Int: 11    God:    Lugonu [*.....]
Gold:   8          SH:  0    Dex:  8    Spells: 0/0 levels left

rFire    . . .     SeeInvis .   a - +1 hand axe
rCold    . . .     Gourm    .   (no shield)
rNeg     . . .     Faith    .   d - +0 ring mail
rPois    .         Spirit   .   (no helmet)
rElec    .         Reflect  .   (no cloak)
rCorr    .         Harm     .   (no gloves)
MR       .....                  (no barding)
Stlth    ..........             (no amulet)
HPRegen  0.06/turn              (no ring)
MPRegen  0.08/turn              (no ring)

@: flying, constricted, very quick
A: large, hooves 3, deformed body, speed 2, tough skin 3
a: Depart the Abyss, Renounce Religion


You were on level 1 of the Abyss.
You worshipped Lugonu.
Lugonu was aware of your devotion.
You were not hungry.

You visited 0 branches of the dungeon, and saw 0 of its levels.
You visited the Abyss 1 time.

You collected 8 gold pieces.

Inventory:

Hand Weapons
 a - a +1 hand axe (weapon)
Armour
 b - a +0 leather armour
 d - a +0 ring mail (worn)
Comestibles
 c - a ration


   Skills:
 + Level 3.0 Fighting
 + Level 1.7 Axes
 + Level 1.3 Armour
 + Level 0.6 Dodging
 + Level 2.0 Invocations


You couldn't memorise any spells.
You didn't know any spells.
Your spell library was empty.

Dungeon Overview and Level Annotations

Branches:
Dungeon (0/15)

Altars:


Innate Abilities, Weirdness & Mutations

You have hooves in place of feet.
Armour fits poorly on your strangely shaped body.
You cover ground very quickly.
You have extremely tough skin. (AC +3)


Message History

You hit the starspawn tentacle.
The tentacled starspawn bites you but does no damage.
The tentacled starspawn engulfs you. The starspawn tentacle grabs you.
The starspawn tentacle constricts you.
Unknown command.
You hit the tentacled starspawn.
The starspawn tentacle loses its grip on you.
You kick the tentacled starspawn.
The tentacled starspawn is moderately damaged.
You hit the starspawn tentacle.
The starspawn tentacle barely misses you.
Unknown command.
You hit the tentacled starspawn. You kick the tentacled starspawn.
The tentacled starspawn is moderately damaged.
You hit the starspawn tentacle but do no damage.
The tentacled starspawn completely misses you. x2
The starspawn tentacle grabs you. The starspawn tentacle constricts you.
The tentacled starspawn bites you!
Ouch! That really hurt!
You die...

#. .. # . .. #. . .
### ##v. #@##... .
#wX#.###.#.
###3......# # #
###.....### ######.#
#...#...# ##.#...###
3#.#...... #.
............ ...##
##.#...#..### .##..#
###.#..#....#...##.#


You could see a tentacled starspawn, a sun demon and a starspawn tentacle.

Vanquished Creatures (others)
  4 starspawn tentacles (Abyss:1)
4 creatures vanquished.

Notes
Turn   | Place    | Note
-------+----------+-------------------------------------------
     0 | Abyss:1  | Gargoyl the Centaur Abyssal Knight began the quest for the
                  | Orb.
     0 | Abyss:1  | Reached XP level 1. HP: 19/19 MP: 2/2
   116 | Abyss:1  | Noticed a tentacled starspawn
   139 | Abyss:1  | Noticed a sun demon
   145 | Abyss:1  | Noticed a quasit
   150 | Abyss:1  | Noticed a spatial vortex
   150 | Abyss:1  | Noticed a spatial vortex
   152 | Abyss:1  | Noticed a spatial vortex
   160 | Abyss:1  | Slain by a tentacled starspawn

Levels and vault maps discovered:
Abyss:1

Action                   || total
-------------------------++-------
Melee: Hand axe          ||     6
       Kick              ||     3
  Use: Potion            ||     1
Armor: Ring mail         ||     3
Dodge: Dodged            ||     7

Table legend:
 A = Non-vault XP
 B = Vault XP
 C = Vault XP percentage of total XP
 D = Non-vault monster count
 E = Vault monster count
 F = Vault count percentage of total count
                 A         B        C        D         E       F
            +---------+---------+-------+---------+---------+-------
      Total |       0 |       0 |   N/A |       0 |       0 |  -nan
            +---------+---------+-------+---------+---------+-------
            +---------+---------+-------+---------+---------+-------
